 Dungeon Crawl Stone Soup version 0.28-a0-233-gb8ca4b6547 (webtiles) character file.

Game seed: 7476284161517020057

18 timneilson the Covered (level 2, 0/19 HPs)
             Began as a Gargoyle Fighter on Aug 22, 2021.
             Slain by an orc wizard (2 damage)
             ... on level 2 of the Dungeon.
             The game lasted 00:01:32 (1035 turns).

timneilson the Covered (Gargoyle Fighter)           Turns: 1035, Time: 00:01:32

Health: 0/19       AC: 10    Str: 19    XL:     2   Next: 66%
Magic:  2/2        EV:  7    Int:  8    God:
Gold:   8          SH:  8    Dex:  9    Spells: 1/1 levels left

rFire   . . .      SeeInvis .   a - +0 long sword
rCold   . . .      Faith    .   c - +0 kite shield
rNeg    + . .      Spirit   .   b - +0 scale mail
rPois   ∞          Reflect  .   h - +0 helmet
rElec   +          Harm     .   (no cloak)
rCorr   .          Rampage  .   (no gloves)
Will    .....                   (no boots)
Stlth   ..........              (no amulet)
HPRegen 0.06/turn               (no ring)
MPRegen 0.08/turn               (no ring)

@: very slightly contaminated, invisible
A: sickness immunity, AC +2, negative energy resistance 1, electricity
resistance, torment resistance 1, petrification resistance
a: no special abilities


You were on level 2 of the Dungeon.
You visited 1 branch of the dungeon, and saw 2 of its levels.

You collected 8 gold pieces.

Inventory:

Hand Weapons
 a - a +0 long sword (weapon)
Armour
 b - a +0 scale mail (worn)
 c - a +0 kite shield (worn)
 h - a +0 helmet (worn)
Potions
 d - a potion of might
 f - a potion of flight
 g - a potion of invisibility


   Skills:
 + Level 3.3 Fighting
 * Level 2.0 Long Blades
 * Level 3.7 Armour
 * Level 3.6 Shields


You had one spell level left.
You didn't know any spells.
Your spell library was empty.

Dungeon Overview and Level Annotations

Branches:
Dungeon (2/15)

Altars:


Innate Abilities, Weirdness & Mutations

You are immune to sickness and miasma.
Your stone body is resilient. (AC +2)
You are immune to poison.
You resist negative energy. (rN+)
You are resistant to electric shocks. (rElec)
You are resistant to unholy torment.
You are immune to petrification.


Message History

You are confused.
Unknown command.
You miss something. Something hits you but does no damage.
You hear some strange, mumbled words.
Something tries to affect you, but you resist.
Something hits you.
* * * LOW HITPOINT WARNING * * *
Unknown command.
An orc wizard appears from thin air!
Reactivating autopickup.
You hear some strange, mumbled words.
A puff of flame appears from out of thin air!
Deactivating autopickup; reactivate with Ctrl-A.
The puff of flame misses you.
The orc wizard gestures at you while chanting.
The magic dart hits something.
Something hits you but does no damage.
Unknown command.
Something hits you.
* * * LOW HITPOINT WARNING * * *
The orc wizard completely misses you.
Unknown command.
You bump into the rock wall.
Something hits you but does no damage. The orc wizard barely misses you.
Unknown command.
You miss the orc wizard.
The orc wizard is heavily wounded.
You feel less confused. Something hits you but does no damage.
You block the orc wizard's attack. Something hits you but does no damage.
Unknown command.
You fade into invisibility!
The orc wizard points at you and mumbles some strange words.
You resist with significant effort. Something hits you but does no damage.
You are very lightly contaminated with residual magic.
You closely miss the orc wizard.
The orc wizard is heavily wounded.
You block the orc wizard's attack. Something hits you but does no damage.
The orc wizard hits you with a +0 dagger.
You die...

##. ####### ...
#.....# #.#
#....[# #..#
#.....####$.###.
#.....##........
#$..{@#)<#
#...o...#######.
#...............
#......#........
##........<......
#...............
#...............
#...............
#.####..........


You could see an orc wizard.

Vanquished Creatures
  2 orcs
  2 bats
  2 endoplasms (D:1)
  A goblin (D:1)
  2 hobgoblins (D:1)
  A kobold (D:1)
  2 ball pythons (D:1)
  2 rats (D:1)
14 creatures vanquished.

Notes
Turn   | Place    | Note
-------+----------+-------------------------------------------
     0 | D:1      | timneilson the Gargoyle Fighter began the quest for the
                  | Orb.
     0 | D:1      | Reached XP level 1. HP: 14/14 MP: 1/1
   123 | D:1      | Reached XP level 2. HP: 13/19 MP: 2/2
  1035 | D:2      | Slain by an orc wizard

Illustrated notes

Levels and vault maps discovered:
D:1:      scummos_arrival_simple_crosswalls, layout_basic
D:2:      layout_rooms, serial_shops, shop, shop_statue,
          nicolae_shop_statue_plus, shapermc_ecumenical_altar_flowoftime

Skill      XL: |  1  2 |
---------------+-------+-----
Long Blades    | 2 |  2.0
Fighting       | |  3.3
Armour         | |  3.7
Shields        | |  3.6

Action                   || total
-------------------------++-------
Melee: Long sword        ||    49
  Use: Scroll            ||     2
       Potion            ||     1
Armor: Scale mail        ||    62
Dodge: Dodged            ||    28
Block: Kite shield       ||    34
       Rpst.: Long sword ||     6

Table legend: (Time is in decaauts)
 A = Elapsed time spent in this place.
 B = Non-inter-level travel time spent in this place.
 C = Inter-level travel time spent in this place.
 D = Time resting spent in this place.
 E = Time spent auto-exploring this place.
 F = Levels seen in this place.
 G = Mean time per level.
                   A        B        C        D        E       F      G
               +--------+--------+--------+--------+--------+-----+--------+
         Total |   1065 |   1026 |     39 |    108 |    744 |   2 |  532.5 |
       Dungeon |   1065 |   1026 |     39 |    108 |    744 |   2 |  532.5 |
               +--------+--------+--------+--------+--------+-----+--------+

Top non-repeatable levels by time:
     D:1: 1008 daAuts
     D:2: 56 daAuts
